 Dungeon Crawl Stone Soup version 0.28.0-45-g0d030f2227 (webtiles) character file.

Game seed: 12474295599443176540

160054 theElss the Warrior (level 17, -27/115 HPs)
             Began as a Gargoyle Berserker on Apr 15, 2022.
             Was the Champion of Trog.
             Killed from afar by a bog body (37 damage)
             ... with a bolt of cold
             ... on level 4 of the Swamp.
             The game lasted 01:35:32 (40902 turns).

theElss the Warrior (Gargoyle Berserker)           Turns: 40902, Time: 01:35:33

Health: -27/115    AC: 55    Str: 26    XL:     17   Next: 75%
Magic:  5/5        EV: 12    Int:  9    God:    Trog [******]
Gold:   2785       SH: 10    Dex: 11    Spells: 16/16 levels left

rFire   . . .      SeeInvis +   Y - +4 demon whip (antimagic)
rCold   . . .      Faith    +   G - +3 warlock's mirror {reflect}
rNeg    + . .      Spirit   .   I - +15 Maxwell's patent armour {-Cast -Tele rElec Will+ rCorr}
rPois   ∞          Reflect  +   t - +0 hat
rElec   +          Harm     .   u - +2 cloak
rCorr   +          Rampage  .   (no gloves)
Will    ++...      NoTele   +   j - +1 pair of boots
Stlth   .......... NoCast   +   B - amulet of faith
HPRegen 0.29/turn               M - +4 ring of protection
MPRegen 0.09/turn               R - ring of see invisible

@: on berserk cooldown, flying, hasted and slowed
A: sickness immunity, AC +12, big wings, negative energy resistance 1,
electricity resistance, torment resistance 1, petrification resistance
a: Renounce Religion, Berserk, Trog's Hand, Brothers in Arms


You were on level 4 of the Swamp.
You worshipped Trog.
Trog was exalted by your worship.
You visited 4 branches of the dungeon, and saw 27 of its levels.
You visited the Abyss 1 time.
You also visited: Ossuary.

You collected 3071 gold pieces.
You spent 286 gold pieces at shops.

Inventory:

Hand Weapons
 P - a +6 vorpal great mace
 W - the +4 war axe "Uxtosig" {drain, rC- rN+ Int+2}
   (You found it on level 5 of the Lair of Beasts)

   A truly terrible weapon, it drains the life of any living foe it strikes.
   Int:       It affects your intelligence (+2).
   rC:        It makes you vulnerable to cold.
   rN:        It protects you from negative energy.
 Y - a +4 antimagic demon whip (weapon)
Missiles
 K - 2 throwing nets
Armour
 j - a +1 pair of boots (worn)
 t - a +0 hat (worn)
 u - a +2 cloak (worn)
 G - the +3 warlock's mirror (worn) {reflect}
   (You found it on level 8 of the Dungeon)

   It can block and reflect piercing ranged attacks and magical attacks against
   the wielder's willpower.
 I - the +15 Maxwell's patent armour (worn) {-Cast -Tele rElec Will+ rCorr}
   (You found it on level 8 of the Dungeon)

   rElec:     It insulates you from electricity.
   -Cast:     It prevents spellcasting.
   -Tele:     It prevents most forms of teleportation.
   rCorr:     It protects you from acid and corrosion.
   Will:      It increases your willpower.
Jewellery
 B - an amulet of faith (around neck)
 F - the ring of Quhopin {rN+++ Int+4 Slay-5 SInv}
   (You found it on level 8 of the Dungeon)

   [ring of see invisible]

   Int:       It affects your intelligence (+4).
   Slay:      It affects your accuracy & damage with ranged weapons and melee
   (-5).
   rN:        It renders you almost immune to negative energy.
   SInv:      It lets you see invisible.
 L - the ring "Ejyudghu" {Fly rPois rF- rN+ EV+4}
   (You found it on level 13 of the Dungeon)

   [ring of evasion]

   EV:        It affects your evasion (+4).
   rF:        It makes you vulnerable to fire.
   rPois:     It protects you from poison.
   rN:        It protects you from negative energy.
   Fly:       It grants you flight.
 M - a +4 ring of protection (left hand)
 R - a ring of see invisible (right hand)
 V - an amulet of reflection
Wands
 a - a wand of iceblast (21) (quivered)
 r - a wand of charming (13)
 D - a wand of polymorph (5)
 N - a wand of mindburst (7)
 O - a wand of paralysis (11)
 S - a wand of flame (55)
Scrolls
 b - 3 scrolls of amnesia
 c - 3 scrolls of torment
 e - a scroll of acquirement {unknown}
 g - 4 scrolls of blinking
 h - 2 scrolls of enchant armour
 i - 2 scrolls of magic mapping
 k - 2 scrolls of enchant weapon
 m - 4 scrolls of fear
 o - 2 scrolls of silence {unknown}
 p - 9 scrolls of teleportation
 q - 2 scrolls of summoning
 s - 4 scrolls of identify
 x - 3 scrolls of noise {unknown}
 y - 2 scrolls of immolation {unknown}
 E - a scroll of holy word {unknown}
 U - 3 scrolls of vulnerability
 X - 2 scrolls of fog
Potions
 d - 8 potions of attraction
 f - 12 potions of curing
 l - 3 potions of invisibility
 n - 4 potions of resistance
 v - 2 potions of berserk rage
 w - 5 potions of cancellation
 z - a potion of ambrosia {unknown}
 A - 6 potions of heal wounds
 C - 5 potions of lignification
 J - 3 potions of might
 Q - 2 potions of haste
 T - 3 potions of magic


   Skills:
 - Level 16.2 Fighting
 - Level 15.0 Maces & Flails
 - Level 16.0 Armour
 - Level 12.5 Dodging
 + Level 14.5 Shields


You had 16 spell levels left.
You didn't know any spells.
Your spell library was empty.

Dungeon Overview and Level Annotations

Branches:
Dungeon (15/15)            Temple (0/1) D:6            Lair (6/6) D:9
  Swamp (4/4) Lair:4        Snake (0/4) Lair:2        Slime (0/5) Lair:5
    Orc (2/2) D:9             Elf (0/3) Orc:2        Vaults (0/5) D:14
 Depths (0/4) D:15        Ossuary (visited)

Altars:
Ashenzari
Cheibriados
Dithmenos
Elyvilon
Fedhas
Hepliaklqana
Kikubaaqudgha
Makhleb
Nemelex Xobeh
Okawaru
Qazlal
Ru
Wu Jian
Xom
Yredelemnul
Jiyva
Lugonu

Shops:
D:3 ?   D:5 :!*   D:6 !   D:7 :(*=   D:13 *   D:14 :   Orc:2 **?[

Portals:
Abyss: Lair:6

Annotations:
D:10 exclusion: orange crystal statue
D:13 3 runed translucent doors, Fartwhistle's ghost, journeyman DgFE


Innate Abilities, Weirdness & Mutations

You are immune to sickness and miasma.
Your stone body is resilient. (AC +12)
You are immune to poison.
Your large and strong wings let you fly.
You resist negative energy. (rN+)
You are resistant to electric shocks. (rElec)
You are resistant to unholy torment.
You are immune to petrification.


Message History

The eight-headed hydra bites you!
* * * LOW HITPOINT WARNING * * *
The eight-headed hydra bites you but does no damage. x4
You block the eight-headed hydra's attack.
The eight-headed hydra bites you but does no damage. x2
The eight-headed hydra barely misses you.
The eight-headed hydra bites you but does no damage. x2
You block the eight-headed hydra's attack. x2
The eight-headed hydra bites you but does no damage.
You feel yourself speed up.
The eight-headed hydra bites you but does no damage. x2
You block the eight-headed hydra's attack.
The eight-headed hydra bites you but does no damage.
The eight-headed hydra closely misses you.
The eight-headed hydra bites you but does no damage. x3
The eight-headed hydra closely misses you.
The eight-headed hydra bites you but does no damage.
The eight-headed hydra closely misses you.
The eight-headed hydra bites you but does no damage. x2
The eight-headed hydra completely misses you.
The eight-headed hydra bites you.
* * * LOW HITPOINT WARNING * * *
The eight-headed hydra bites you but does no damage.
You block the eight-headed hydra's attack.
The eight-headed hydra bites you but does no damage.
The eight-headed hydra bites you!
* * * LOW HITPOINT WARNING * * *
You block the eight-headed hydra's attack. x2
The eight-headed hydra bites you but does no damage.
The eight-headed hydra closely misses you.
The eight-headed hydra bites you but does no damage. x2
The eight-headed hydra barely misses you.
The eight-headed hydra bites you but does no damage. x5
The eight-headed hydra closely misses you.
Unknown command.
The bog body casts a spell at you.
The bolt of cold hits you but does no damage.
The bog body casts a spell at you. The bolt of cold hits you!!!
You die...

.....≈.♣...≈≈(..≈≈.♣♣♣
..≈§≈.≈..≈≈.≈≈.......♣♣
≈≈..≈≈..≈♣.≈....≈....≈♣
...≈..≈...≈..≈†[≈≈.≈.≈♣
.....≈...≈.≈...≈≈.†≈.♣♣
....≈...≈.≈≈...§....♣♣
♣≈.≈≈..≈.....≈≈.≈§.°≈♣♣
♣♣..≈....≈..≈.≈..≈...≈♣
♣♣≈..≈...≈≈...≈@..≈.♣♣
.......§.DnD...♣♣
....≈......≈....♣
≈.≈....≈.≈..≈..♣♣
...[§≈..≈..≈≈.♣♣
≈.≈....≈.≈.....≈.♣♣
♣≈.≈...≈......≈≈≈.♣
♣♣....≈....≈≈≈.≈≈.≈♣
♣...≈....≈!≈.$..≈≈.♣


You could see 2 eight-headed hydras and a bog body.

Vanquished Creatures
  Rupert (Orc:2)
  Mlioglotl (Lair:4)
  Agnes (D:14)
  Frances (D:14)
  3 thorn hunters
  A daeva (Abyss:1)
  A fenstrider witch (Swamp:4)
  Louise (D:15)
  A ghoul (Swamp:3)
  Nessos (Orc:2)
  4 eleionomae
  5 bunyips
  Snorg (D:13)
  A fire dragon (D:15)
  Josephine (D:12)
  Harold (D:10)
  2 boulder beetles
  16 hydras
  9 centaur warriors
  5 ghost crabs
  An ogre mage (D:14)
  7 two-headed ogres
  10 death yaks
  2 tengu warriors
  A death knight (D:14)
  4 alligators
  5 thrashing horrors
  Urug (D:13)
  2 wretched stars (Abyss:1)
  7 goliath frogs
  A death drake (Swamp:3)
  9 bog bodies
  A glowing orange brain (Abyss:1)
  3 spriggan druids
  4 wizards
  3 swamp dragons
  A necromancer (D:15)
  4 deep elf pyromancers
  A lindwurm (Lair:6)
  Pikel (D:8)
  8 orc knights
  A wolf spider zombie (D:11)
  7 manticores
  2 orc sorcerers (D:15)
  A cyclops (Orc:1)
  3 will-o-the-wisps
  6 ugly things
  15 elephants
  A guardian serpent (Abyss:1)
  6 black mambas
  2 naga magi (D:15)
  An orange demon (Abyss:1)
  2 cane toads (shapeshifter)
  Maggie (D:10)
  An efreet (D:14)
  4 rime drakes
  3 gargoyles
  4 smoke demons
  7 cane toads
  3 freezing wraiths (D:14)
  A yaktaur (D:8)
  2 redback zombies (D:11)
  2 ancient zymes
  4 komodo dragons
  2 hellwings (D:11)
  A red devil (Abyss:1)
  6 trolls
  3 meliai (D:14)
  6 polar bears
  10 tyrant leeches
  2 hornets (shapeshifter)
  A raiju (Abyss:1)
  7 large abominations
  A raiju (shapeshifter) (D:15)
  6 hornets
  Prince Ribbit (D:8)
  10 slime creatures
  21 blink frogs
  6 dream sheep (Lair:4)
  A centaur simulacrum (D:15)
  3 meliai zombies
  7 spriggans
  7 wraiths
  2 shadows
  60 yaks
  2 fire bats (D:4)
  Grum (D:9)
  18 wyverns
  10 basilisks
  9 vampire mosquitoes
  A steam dragon (D:8)
  3 chaos spawn
  19 swamp worms
  3 wargs
  A naga (Abyss:1)
  2 acid dragons
  11 water moccasins
  16 small abominations
  3 hell hounds (Lair:6)
  47 orc warriors
  2 black bears
  A sky beast (D:8)
  2 ice beasts
  6 swamp drakes
  A necrophage (D:6)
  20 wolves
  8 ogres
  19 centaurs
  3 kobold brigands
  A phantom (D:6)
  3 elf zombies
  16 bullfrogs
  A gnoll sergeant (D:7)
  6 scorpions
  2 water moccasin skeletons
  11 killer bees
  3 wights (D:9)
  An electric eel (Lair:1)
  6 howler monkeys
  A crimson imp (D:5)
  2 bullfrog zombies
  24 centaur zombies
  A bullfrog skeleton (D:5)
  3 jellies
  A quasit (Abyss:1)
  3 centaur skeletons
  15 orc priests
  Crazy Yiuf (D:3)
  A gnoll shaman (D:9)
  4 hounds
  A human zombie (Ossuary)
  An iron imp (Abyss:1)
  Jessica (D:2)
  Natasha (thrice) (D:2)
  5 iguanas
  22 orc wizards
  21 hell rats
  A killer bee zombie (D:7)
  4 mummies (Ossuary)
  A howler monkey zombie (D:6)
  6 adders
  8 gnolls
  2 howler monkey skeletons
  A river rat (D:9)
  7 shadow imps
  3 white imps
  An ufetubus (D:4)
  An adder zombie (Ossuary)
  A worm (D:3)
  5 dart slugs
  67 orcs
  5 ball pythons
  11 endoplasms
  2 giant cockroaches (D:1)
  6 hobgoblins
  4 jackals (D:1)
  16 kobolds
  2 quokkas (D:1)
  4 bats
  2 frilled lizards
  6 goblins
  A goblin zombie (Ossuary)
  2 hobgoblin zombies (Ossuary)
  A kobold zombie (Ossuary)
  2 orc zombies (Ossuary)
  A rat (D:3)
  2 rat zombies (Ossuary)
  A butterfly (Lair:4)
919 creatures vanquished.

Vanquished Creatures (collateral kills)
  2 elephants (Lair:6)
  A cane toad (Lair:6)
3 creatures vanquished.

Vanquished Creatures (others)
  An alligator (Swamp:1)
  A wizard (D:13)
  3 bloated husks
  A swamp worm (Swamp:4)
  A howler monkey (D:12)
  2 bushes (Lair:3)
  12 foxfires
  18 fungi
  36 plants
  4 withered plants (D:11)
79 creatures vanquished.

Grand Total: 1001 creatures vanquished

Notes
Turn   | Place    | Note
-------+----------+-------------------------------------------
     0 | D:1      | theElss the Gargoyle Berserker began the quest for the Orb.
     0 | D:1      | Reached XP level 1. HP: 14/14 MP: 1/1
   133 | D:1      | Reached XP level 2. HP: 19/19 MP: 2/2
   685 | D:1      | Reached XP level 3. HP: 23/23 MP: 3/3
  1266 | D:2      | Noticed Natasha
  1272 | D:2      | Killed Natasha
  1273 | D:2      | Reached XP level 4. HP: 29/29 MP: 4/4
  1618 | D:2      | Noticed Natasha
  1627 | D:2      | Killed Natasha
  1981 | D:2      | Noticed Jessica
  1986 | D:2      | Killed Jessica
  1987 | D:2      | Reached XP level 5. HP: 33/33 MP: 5/5
  2207 | D:2      | Noticed Natasha
  2214 | D:2      | Killed Natasha
  2818 | D:3      | Found Botsy's Magic Scroll Shoppe.
  2827 | D:3      | Bought a scroll of identify for 24 gold pieces
  2827 | D:3      | Bought a scroll of teleportation for 36 gold pieces
  3073 | D:3      | Found a runed translucent door.
  3074 | D:3      | Noticed Crazy Yiuf
  3083 | D:3      | Killed Crazy Yiuf
  3084 | D:3      | Reached XP level 6. HP: 39/39 MP: 6/6
  3353 | D:4      | Reached skill level 5 in Fighting
  3489 | D:4      | Found a transporter.
  3547 | D:4      | Reached ** piety under Trog
  3793 | D:4      | Reached XP level 7. HP: 42/44 MP: 7/7
  3913 | D:4      | Found a blossoming altar of Fedhas.
  3944 | D:4      | Found a hazy altar of Hepliaklqana.
  4117 | D:5      | Entered Level 5 of the Dungeon
  4117 | D:5      | Found Mouliriol's Assorted Antiques.
  4178 | D:4      | Found a transporter.
  4182 | D:4      | Noticed a fire bat
  4182 | D:4      | Noticed a fire bat
  4238 | D:4      | Reached skill level 5 in Maces & Flails
  4729 | D:5      | Reached skill level 5 in Armour
  4795 | D:5      | Reached XP level 8. HP: 51/51 MP: 8/8
  4953 | D:5      | Found Mumpeofi's Book Shop.
  5047 | D:5      | Found Noschosa's Distillery.
  5093 | D:5      | Bought a potion of curing for 30 gold pieces
  5093 | D:5      | Bought a potion of resistance for 100 gold pieces
  5578 | D:5      | Found a burning altar of Makhleb.
  5654 | D:5      | Found a white marble altar of Elyvilon.
  6130 | D:6      | Found Himaikh's Distillery.
  6139 | D:6      | Bought a potion of degeneration for 14 gold pieces
  6154 | D:6      | Found a staircase to the Ecumenical Temple.
  6362 | D:6      | Noticed a gargoyle
  6409 | D:6      | HP: 1/52 [water moccasin skeleton (3)]
  6578 | D:6      | Reached XP level 9. HP: 33/56 MP: 9/9
  6827 | D:6      | Reached skill level 5 in Dodging
  7103 | D:6      | Killed a gargoyle
  7506 | D:7      | Found a sand-covered staircase.
  7517 | Ossuary  | Entered an ossuary
  7872 | Ossuary  | Reached *** piety under Trog
  8007 | D:7      | Found Iclatos's Jewellery Boutique.
  8007 | D:7      | Found Wack's Antique Weapon Boutique.
  8133 | D:7      | Found Paihut's Book Boutique.
  8134 | D:7      | Found Barys's General Store.
  8387 | D:7      | Found a snail-covered altar of Cheibriados.
  8989 | D:7      | Reached XP level 10. HP: 45/64 MP: 10/10
  9389 | D:8      | Noticed Pikel
  9394 | D:8      | Killed Pikel
  9481 | D:8      | HP: 3/65 [centaur (3)]
  9851 | D:8      | Noticed a centaur warrior
  9851 | D:8      | Found the +3 warlock's mirror {reflect}
  9863 | D:8      | Killed a centaur warrior
  9869 | D:8      | Identified the ring of Quhopin {rN+++ Int+4 Slay-5 SInv}
  9977 | D:8      | Noticed Prince Ribbit
 10010 | D:8      | Killed Prince Ribbit
 10518 | D:8      | Noticed a two-headed ogre
 10527 | D:8      | Killed a two-headed ogre
 10528 | D:8      | Reached XP level 11. HP: 72/72 MP: 11/11
 10602 | D:8      | Noticed a two-headed ogre
 10612 | D:8      | Killed a two-headed ogre
 10964 | D:8      | Found a stormy altar of Qazlal.
 10965 | D:8      | Found an iron altar of Okawaru.
 10965 | D:8      | Found a basalt altar of Yredelemnul.
 11037 | D:8      | Found the +15 Maxwell's patent armour {-Cast -Tele rElec
                  | Will+ rCorr}
 11352 | D:9      | Noticed Grum
 11375 | D:9      | Reached skill level 10 in Fighting
 11382 | D:9      | Killed Grum
 11626 | D:9      | Found a broken altar of Ashenzari.
 11725 | D:9      | Found a staircase to the Orcish Mines.
 11736 | D:9      | Reached **** piety under Trog
 11792 | D:9      | Noticed a death yak
 11800 | D:9      | Killed a death yak
 11803 | D:9      | Noticed a death yak
 11815 | D:9      | Noticed a death yak
 11866 | D:9      | Killed a death yak
 11867 | D:9      | Reached skill level 10 in Armour
 11878 | D:9      | Killed a death yak
 12060 | D:9      | Found a staircase to the Lair.
 12125 | D:8      | Found a sacrificial altar of Ru.
 12125 | D:8      | Found a sparkling altar of Nemelex Xobeh.
 12151 | D:9      | Found an ornate altar of the Wu Jian Council.
 12592 | D:10     | Entered Level 10 of the Dungeon
 12986 | D:10     | Found a shimmering altar of Xom.
 13215 | D:10     | Noticed an orange crystal statue
 13260 | D:10     | Noticed Harold
 13277 | D:10     | Killed Harold
 13278 | D:10     | Reached skill level 10 in Maces & Flails
 13332 | D:9      | Reached XP level 12. HP: 18/79 MP: 12/12
 13920 | D:10     | Noticed Maggie
 13940 | D:10     | Killed Maggie
 14133 | D:10     | You fall into a shaft and drop 3 floors!
 14240 | D:13     | Noticed a centaur warrior
 14275 | D:13     | Killed a centaur warrior
 14578 | D:13     | Identified the ring "Ejyudghu" {Fly rPois rF- rN+ EV+4}
 14594 | D:13     | Noticed a six-headed hydra
 14596 | D:13     | Noticed a centaur warrior
 14604 | D:13     | Killed a six-headed hydra
 14610 | D:13     | Killed a centaur warrior
 14656 | D:13     | Found Rtte's Retail Resort.
 14706 | D:13     | Noticed a tengu warrior
 14728 | D:13     | Killed a tengu warrior
 14954 | D:12     | Noticed Josephine
 14968 | D:12     | Killed Josephine
 15214 | D:11     | Reached ***** piety under Trog
 15720 | D:11     | Noticed a two-headed ogre
 15721 | D:11     | Noticed a two-headed ogre
 15727 | D:11     | Killed a two-headed ogre
 15728 | D:11     | Reached XP level 13. HP: 86/86 MP: 13/13
 15828 | D:11     | Found an ancient bone altar of Kikubaaqudgha.
 18019 | D:12     | Found a basalt altar of Yredelemnul.
 18282 | D:12     | Received a gift from Trog
 18380 | D:13     | Found a runed translucent gate.
 18381 | D:13     | Found a runed translucent gate.
 18382 | D:13     | Found a runed translucent gate.
 18410 | D:13     | Reached skill level 10 in Dodging
 18585 | D:13     | Noticed Fartwhistle's ghost (journeyman DgFE)
 19200 | D:13     | Noticed Snorg
 19201 | D:13     | Noticed Urug
 19207 | D:13     | Killed Snorg
 19215 | D:13     | Killed Urug
 20160 | Lair:1   | Entered Level 1 of the Lair of Beasts
 20318 | Lair:1   | Gained mutation: Your large and strong wings let you fly.
                  | [Gargoyle growth]
 20318 | Lair:1   | Reached XP level 14. HP: 85/94 MP: 14/14
 20481 | Lair:1   | Identified the +2 whip of Currency {freeze, *Noise *Corrode
                  | rElec Stlth+}
 21580 | Lair:2   | Found a staircase to the Snake Pit.
 21782 | Lair:2   | Received a gift from Trog
 24100 | Lair:4   | Found a staircase to the Swamp.
 24358 | Lair:4   | Received a gift from Trog
 24944 | Lair:5   | Identified the +4 war axe "Uxtosig" {drain, rC- rN+ Int+2}
 25055 | Lair:5   | Reached XP level 15. HP: 101/101 MP: 15/15
 25534 | Lair:5   | Found a viscous altar of Jiyva.
 25534 | Lair:5   | Found a staircase to the Slime Pits.
 25950 | Lair:6   | Entered Level 6 of the Lair of Beasts
 26358 | Lair:6   | Reached skill level 15 in Fighting
 26717 | Lair:6   | Received a gift from Trog
 27141 | Lair:6   | Reached skill level 15 in Armour
 28570 | Lair:6   | Received a gift from Trog
 28836 | Lair:6   | Found a corrupted altar of Lugonu.
 28836 | Lair:6   | Found a one-way gate to the infinite horrors of the Abyss.
 29378 | D:14     | Noticed Frances
 29415 | D:14     | Killed Frances
 29529 | D:14     | Reached XP level 16. HP: 78/109 MP: 5/16
 30056 | D:14     | Found a gate to the Vaults.
 30069 | D:14     | Found Xepn's Book Boutique.
 30425 | D:14     | Found a shadowy altar of Dithmenos.
 30667 | D:15     | Entered Level 15 of the Dungeon
 30667 | D:15     | Noticed Agnes
 30698 | D:14     | Killed Agnes
 31626 | D:15     | Noticed Louise
 32029 | D:15     | Killed Louise
 32030 | D:15     | Reached skill level 15 in Maces & Flails
 32261 | D:15     | Reached skill level 1 in Shields
 32338 | D:15     | Found a staircase to the Depths.
 32732 | Orc:1    | Entered Level 1 of the Orcish Mines
 32780 | Orc:1    | Received a gift from Trog
 33152 | Orc:1    | Cast into level 1 of the Abyss (orc)
 33520 | Abyss:1  | Noticed a daeva
 33546 | Abyss:1  | Killed a daeva
 33562 | Orc:1    | Escaped the Abyss
 33942 | Orc:1    | Reached skill level 5 in Shields
 34442 | Orc:2    | Entered Level 2 of the Orcish Mines
 34446 | Orc:2    | Found a staircase to the Elven Halls.
 34446 | Orc:2    | Noticed Rupert
 34469 | Orc:2    | Killed Rupert
 34907 | Orc:1    | Received a gift from Trog
 35359 | Orc:2    | Noticed Nessos
 35388 | Orc:2    | Killed Nessos
 35797 | Orc:2    | Found Sizusel's Magic Scroll Emporium.
 35797 | Orc:2    | Found Lagaehik's General Store.
 35797 | Orc:2    | Found Yseysecu's General Store.
 35827 | Orc:2    | Found Wuerov's Armour Shoppe.
 35831 | Orc:2    | Bought a scroll of fog for 30 gold pieces
 35831 | Orc:2    | Bought a scroll of fear for 52 gold pieces
 36355 | Swamp:1  | Entered Level 1 of the Swamp
 36355 | Swamp:1  | Noticed Mlioglotl
 36396 | Lair:4   | Killed Mlioglotl
 36990 | Swamp:1  | Reached XP level 17. HP: 100/115 MP: 5/17
 37307 | Swamp:2  | Received a gift from Trog
 37360 | Swamp:2  | Reached skill level 10 in Shields
 38950 | Swamp:3  | Identified the +1 ring mail of Tiyren {-Tele rF- rN+ Int+6}
 39467 | Swamp:4  | Entered Level 4 of the Swamp
 40258 | Swamp:4  | Reached ****** piety under Trog
 40902 | Swamp:4  | Killed from afar by a bog body

Illustrated notes

Levels and vault maps discovered:
D:1:      minmay_arrival_statue_studded, layout_rooms
D:2:      layout_basic, nicolae_elevator_lobby_asterisk, uniq_jessica,
          uniq_natasha
D:3:      layout_basic, serial_shops, shop, nicolae_figureground_pulse,
          uniq_crazy_yiuf_cottage
D:4:      gammafunk_cloud_chamber, layout_loops_cross,
          mainiacjoe_overflow_two_lobes
D:5:      layout_loops_ring, nicolae_elyvilon_temple_path,
          makhleb_grotto_becter, serial_shops, shop, nicolae_shop_behind_doors,
          nicolae_shop_hallway_stairs, st_stairs_5, skrybe_limestone_x
D:6:      layout_loops_ring, minmay_temple_entry_statues_fountains,
          serial_shops, nicolae_shop_trees, st_stairs_10, chequers_arboretum
D:7:      layout_loops_corners, kennysheep_slug_shrine,
          nicolae_ossuary_entry_monument, minmay_shop_grid_forest
D:8:      nzn_winding_woodlands_cross [nzn_winding_woodlands_5x15_split_checker,
          nzn_winding_woodlands_5x15_crooked, nzn_winding_woodlands_5x15_jagged,
          nzn_winding_woodlands_5x15_longhouse,
          nzn_winding_woodlands_15x15_boxy_spiral], layout_loops_cross,
          nicolae_overflow_hidden_temple, dreamdust_deal_with_the_devil,
          minivault_5, nicolae_concentric_dashed_squares_mild,
          uniq_prince_ribbit1, uniq_pikel
D:9:      layout_loops_ring, nicolae_wu_jian_wuxing_cycle,
          general_overflow_altar, dpeg_lair_monsters, orc_0_dummy,
          chequers_decorated_corner, uniq_grum
D:10:     layout_layer_cave, xom_teletrap_fun, minivault_16, st_stairs_9,
          uniq_harold, uniq_maggie
D:11:     cheibrodos_grave_circle, layout_loops_corners,
          nicolae_kikubaaqudgha_miasma_corner
D:12:     layout_irregular_city, nicolae_yredelemnul_corpse_copse,
          uniq_josephine
D:13:     dreamdust_experimentation, layout_small_grid, gammafunk_ghost_icy,
          nicolae_alphabet_shops, kennysheep_generic_room_5, uniq_snorg,
          uniq_urug
D:14:     layout_irregular_city, david_vaults_2, serial_shops, shop,
          grunt_dithmenos_smoke_and_mirrors, uniq_frances
D:15:     grunt_enter_depths_magical_seal, layout_cave_pools, serial_rivers,
          chequers_serial_rivers_small_a, chequers_serial_rivers_small_a,
          chequers_serial_rivers_small_3, chequers_serial_rivers_room_a,
          minivault_25_ag, uniq_agnes, uniq_louise
Lair:1:   layout_cave_pods, pond, infiniplex_staircase_pool, grunt_megastairs_3
Lair:2:   layout_chaotic_city, minmay_snake_entry_six_corridors
Lair:3:   layout_loops_ring, hangedman_lair_unloving_vines, st_stairs_11
Lair:4:   layout_loops_ring, skrybe_swamp_entry_bodies, lemuel_fruit_tree,
          lemuel_fruit_fields, lemuel_fruit_fields, lemuel_fruit_fields,
          serial_bayou_shore_b
Lair:5:   layout_loops_ring, slime_altar_1, beast_lair_carwin_8
Lair:6:   hellmonk_lair_end_abyssal_woods, layout_gridlike, special_room
          [special_room_mythical_zoo]
Swamp:1:  layout_basic_swamp, hangedman_swamp_blocks, uniq_mlioglotl
Swamp:2:  layout_falls_marsh, serial_swamp_ruin, evilmike_swamp_ruin_rubble_1,
          evilmike_swamp_ruin_house_3, evilmike_swamp_ruin_rubble_2
Swamp:3:  layout_basic_swamp, nicolae_swamp_bean_lake
Swamp:4:  swamp_basic_johnstein, layout_basic_swamp, swamp_pool1
Orc:1:    cheibrodos_orc_arena, layout_diamond_mine
Orc:2:    st_orc_rangers, layout_caves, nicolae_volcano_entry_s_turn,
          uniq_rupert, uniq_nessos

Skill      XL: |  1  2  3  4  5  6  7  8  9 10 11 12 13 14 15 16 17 |
---------------+----------------------------------------------------+-----
Dodging        | 2 3 4 5 7 8 9 10 11 12 | 12.5
Armour         | 3 4 5 6 7 9 10 12 13 14 15 16 | 16.0
Fighting       | 4 5 6 8 9 10 12 13 14 15 16 | 16.2
Maces & Flails | 4 5 6 7 8 10 11 12 13 14 15 | 15.0
Shields        | 9 14 | 14.5

Action                   |  1- 3 |  4- 6 |  7- 9 | 10-12 | 13-15 | 16-18 || total
-------------------------+-------+-------+-------+-------+-------+-------++-------
Melee: Mace              |    97 |   169 |   440 |       |       |       ||   706
       Punch             |       |     4 |    10 |     1 |       |       ||    15
       Morningstar       |       |       |    49 |   331 |       |       ||   380
       Whip              |       |       |       |   658 |   489 |       ||  1147
       Great mace        |       |       |       |       |   975 |       ||   975
       Demon whip        |       |       |       |       |   118 |  1652 ||  1770
Invok: Berserk           |     4 |     5 |    11 |    20 |    15 |    13 ||    68
       Trog's Hand       |       |       |     2 |     2 |     3 |     4 ||    11
       Brothers in Arms  |       |       |       |       |     1 |       ||     1
  Use: Scroll            |       |     1 |     8 |       |     9 |     3 ||    21
       Potion            |       |       |       |     1 |       |     4 ||     5
 Stab: Distracted        |       |       |       |       |       |     1 ||     1
Armor: Animal skin       |    21 |       |       |       |       |       ||    21
       Leather armour    |    16 |    14 |       |       |       |       ||    30
       Scale mail        |       |     3 |       |       |       |       ||     3
       Plate armour      |       |   101 |   465 |   810 |  1430 |  1145 ||  3951
Dodge: Dodged            |    77 |    75 |   240 |   420 |   853 |   676 ||  2341
Block: Buckler           |       |       |       |   255 |   180 |   618 ||  1053
       Reflection        |       |       |       |    17 |     3 |    87 ||   107
